 Dungeon Crawl Stone Soup version 0.30-a0-1157-g2cc9ac7196 (webtiles) character file.

Game seed: 7894902458358114957

6000 Sobieck the Skirmisher (level 10, -3/80 HPs)
             Began as a Demonspawn Hunter on Apr 24, 2023.
             Was a Priest of Okawaru.
             Succumbed to Grum's poison
             ... on level 9 of the Dungeon.
             The game lasted 00:20:35 (8732 turns).

Sobieck the Skirmisher (Demonspawn Hunter)          Turns: 8732, Time: 00:20:35

Health: -3/80      AC: 13    Str: 11    XL:     10   Next: 55%
Magic:  15/15      EV: 12    Int: 11    God:    Okawaru [***...]
Gold:   400        SH:  4    Dex: 21    Spells: 9/9 levels left

rFire   . . .        a - +1 shortbow (chaos) {bow}
rCold   . . .        (shield currently unavailable)
rNeg    . . .        c - +0 leather armour
rPois   .            (helmet restricted)
rElec   .            L - +1 cloak
rCorr   .            O - +0 pair of gloves
SInv    .            (no boots)
Will    +....        l - amulet of the acrobat
Stlth   ++           x - +4 ring of protection
HPRegen 0.33/turn    S - ring of willpower
MPRegen 0.14/turn

%: acrobat
@: lethally poisoned (-3 -> -21), studying Long Blades
A: antennae 2, molten scales 2, powered by death 1, condensation shield
a: Renounce Religion, Heroism


You were on level 9 of the Dungeon.
You worshipped Okawaru.
Okawaru was most pleased with you.
You visited 2 branches of the dungeon, and saw 10 of its levels.
You also visited: Sewer.

You collected 580 gold pieces.
You spent 180 gold pieces at shops.


Innate Abilities, Weirdness & Mutations

You have a pair of antennae on your head.
You are mostly covered in molten scales. (AC +3)
You regenerate a little health from kills.
A meltable shield of frost defends you. (SH +4)


   Skills:
 + Level 8.2 Fighting
 + Level 12.2 Ranged Weapons
 - Level 1.7 Dodging
 - Level 0.8 Stealth
 - Level 7.0 Invocations


You had 9 spell levels left.
You didn't know any spells.
Your spell library contained the following spells:

 Spells                   Type           Power      Damage    Failure   Level
 Shock                    Conj/Air       0%         1d3       43%         1
 Ozocubu's Armour         Ice            0%         N/A       80%         3
 Swiftness                Air            0%         N/A       80%         3
 Airstrike                Air            0%         2d(0-16)  99%         4
 Metabolic Englaciation   Hex/Ice        0%         N/A       100%        5
 Eringya's Noxious Bog    Tmut/Pois      0%         N/A       100%        6
 Summon Forest            Summ/Tloc      Unusable   N/A       N/A         5
 Simulacrum               Ice/Necr       Unusable   N/A       N/A         6
 Summon Hydra             Summ           Unusable   N/A       N/A         7

Inventory:

Hand Weapons
 a - a +1 shortbow of chaos (weapon) {bow}
 s - a +2 halberd of flaming {polearm}
   (You took it off a gnoll on level 6 of the Dungeon)
 H - a +5 trident of flaming {polearm}
   (You took it off a gnoll sergeant on level 6 of the Dungeon)
 Q - a +0 whip of freezing {mace}
   (You took it off Pikel on level 5 of the Dungeon)
 X - a +1 hand axe of electrocution {axe}
   (You took it off an orc on level 6 of the Dungeon)
Missiles
 d - 34 poisoned darts {throwing}
 f - 2 boomerangs of dispersal {=f!fthrowing}
 g - 4 silver boomerangs {throwing}
 h - 100 stones {throwing}
 i - 7 boomerangs {throwing}
 j - 2 throwing nets {=f!fthrowing}
Armour
 c - a +0 leather armour (worn)
 e - a +0 chain mail
   (You took it off an orc on level 6 of the Dungeon)
 E - a +0 chain mail
   (You took it off Terence on level 3 of the Dungeon)
 G - a +0 robe
   (You found it on level 3 of the Dungeon)
 J - a +0 ring mail
   (You took it off an orc on level 3 of the Dungeon)
 K - a +0 robe
   (You found it on level 4 of the Dungeon)
 L - a +1 cloak (worn)
   (You found it on level 4 of the Dungeon)
 O - a +0 pair of gloves (worn)
   (You bought it in a shop on level 5 of the Dungeon)
 R - a +0 robe
   (You took it off Pikel on level 5 of the Dungeon)
 V - a +0 leather armour
   (You took it off an orc on level 6 of the Dungeon)
 W - a +0 robe
   (You took it off an orc wizard on level 6 of the Dungeon)
Jewellery
 k - a +5 ring of evasion
   (You found it on level 7 of the Dungeon)
 l - an amulet of the acrobat (around neck)
   (You found it on level 1 of the Dungeon)
 p - a ring of flight
   (You found it on level 8 of the Dungeon)
 x - a +4 ring of protection (left hand)
   (You found it on level 2 of the Dungeon)
 y - a ring of fire
   (You found it on level 7 of the Dungeon)
 C - a ring of ice
   (You found it on level 7 of the Dungeon)
 S - a ring of willpower (right hand)
   (You found it on level 5 of the Dungeon)
 Y - a ring of protection from fire
   (You found it on level 6 of the Dungeon)
Wands
 N - a wand of polymorph (16)
   (You found it on level 4 of the Dungeon)
Scrolls
 b - 2 scrolls of immolation {!r!r}
 o - 2 scrolls of vulnerability {!r!r}
 u - a scroll of magic mapping {!r}
 w - 3 scrolls of fear
 z - a scroll of poison {unknown}
 B - 2 scrolls of enchant weapon
 D - a scroll of summoning {unknown}
 M - 3 scrolls of teleportation {@r4}
 U - 2 scrolls of amnesia
Potions
 m - 4 potions of curing {@q1}
 n - 2 potions of haste {@q3}
 q - 2 potions of might {unknown}
 r - 3 potions of magic
 t - 6 potions of heal wounds {@q2}
 v - 5 potions of lignification {!q}
 A - 3 potions of invisibility
 F - 3 potions of attraction {!q}
 I - 2 potions of berserk rage {!q}
 P - 2 potions of brilliance {unknown}
 T - a potion of mutation {unknown}
 Z - 2 potions of flight

Dungeon Overview and Level Annotations

Branches:
Dungeon (9/15) Zot: 26478  Temple (1/1) D:5 Zot: 5829   Sewer (visited)
   Lair: D:8-11         Orc: D:9-12

Altars:
Cheibriados
Dithmenos
Fedhas
Gozag
Hepliaklqana
Makhleb
Nemelex Xobeh
Okawaru
Qazlal
Ru
Uskayaw
Vehumet
Wu Jian

Shops:
D:1 !   D:5 [   D:7 :

Annotations:
D:7 1 runed translucent door, Crazy Yiuf
D:9 Grum

. #............. #.
##.......##!# ...
#####.###......# #
..##...)..#.....<.# .
......###..#....# .#.#
..###.##....[...# .#.#
#..........## ...
#.###.##.#.##.####(#.#
#.........##.@hg....#
######...#######:#...#
#...# #...##.# #...#
##.## ## #...# .#
.########...##### .#
..##............. ..
..[††............ .#
..##....#########


You could see Grum (fast, strong) and a wolf (agile, drained).


Message History

Unknown command.
You shoot an arrow. The arrow closely misses the yak.
The arrow hits the yak!
The arrow burns the yak.
The yak gores you but does no damage.
You shoot an arrow. The arrow hits the yak!
The yak suddenly seems more resistant.
You block the yak's attack.
Unknown command.
You shoot an arrow.
The arrow hits the yak but does no damage.
The yak gores you.
* * * LOW HITPOINT WARNING * * *
Unknown command.
You shoot an arrow. The arrow hits the yak.
The yak gores you but does no damage.
You shoot an arrow. The arrow hits the yak.
The yak seems less drained.
Unknown command.
You shoot an arrow. The arrow hits the yak.
Nothing appears to happen.
The yak gores you but does no damage.
You shoot an arrow. The arrow closely misses the yak.
The arrow barely misses the yak.
You block the yak's attack.
Unknown command.
You shoot an arrow. The arrow closely misses the yak.
The arrow hits the yak!
You kill the yak!
Okawaru accepts your kill. The yak gores you but does no damage.
You shoot an arrow. The arrow hits the yak!
You kill the yak!
Okawaru accepts your kill. Okawaru grants you throwing weapons!
Something appears at your feet!
You see here a yak corpse.
Unknown command.
Your pack is full.
You see here 2 boomerangs of dispersal {=f!fthrowing}.
Unknown command.
You drop a +0 leather armour.
You start resting.
Unknown command.
f - 2 boomerangs of dispersal {=f!fthrowing} You see here a +0 leather armour.
You see here a yak corpse.
You now have 390 gold pieces (gained 14).
h - 100 stones {throwing} (gained 7)
Found a stone staircase leading up.
Unknown command.
You see here a +0 spear {polearm}.
You now have 400 gold pieces (gained 10).
You see here a +0 spear {polearm}.
You sense a monster nearby.
Unknown command.
A wolf comes into view.
Danger!
You shoot an arrow. The arrow hits the wolf!
The wolf suddenly seems more agile.
Grum the Hunter comes into view.
He is wielding a -2 halberd of venom.
The wolf barely misses you. The wolf completely misses you.
You shoot an arrow.
The arrow hits the wolf but does no damage.
The wolf bites you.
You shoot an arrow. The arrow hits the wolf.
The wolf barely misses you. The wolf completely misses you.
Grum hits you from afar with a -2 halberd of venom!
The wolf bites you but does no damage.
You shoot an arrow. The arrow misses the wolf.
The arrow completely misses Grum.
The wolf bites you but does no damage. You block Grum's attack.
You shoot an arrow. The arrow closely misses the wolf.
The arrow hits Grum!
Lightning courses through Grum!! The wolf closely misses you.
The wolf bites you but does no damage. Grum closely misses you.
You shoot an arrow. The arrow barely misses the wolf.
The arrow hits Grum.
Grum seems to grow stronger.
The wolf bites you.
Grum hits you from afar with a -2 halberd of venom!!
You are poisoned.
The wolf barely misses you.
You are too injured to fight recklessly!
You shoot an arrow. The arrow closely misses the wolf.
The arrow barely misses Grum.
You feel very sick. The wolf barely misses you. Grum barely misses you.
Unknown command.
You shoot an arrow. The arrow hits the wolf.
You drain the wolf.
You feel very sick. The wolf misses you. The wolf bites you.
* * * LOW HITPOINT WARNING * * *
You block Grum's attack.
You shoot an arrow. The arrow closely misses the wolf.
The arrow hits Grum.
Grum seems to speed up.
You feel sick. The wolf barely misses you.
Grum hits you from afar with a -2 halberd of venom!!
* * * LOW HITPOINT WARNING * * *
You are lethally poisoned!
You shoot an arrow. The arrow completely misses the wolf.
The arrow hits Grum.
The arrow burns Grum.
* * * LOW HITPOINT WARNING * * *
You feel very sick. The wolf bites you.
* * * LOW HITPOINT WARNING * * *
Grum closely misses you. The wolf completely misses you.
Unknown command.
You shoot an arrow. The arrow hits the wolf.
You die...

Skill      XL: |  1  2  3  4  5  6  7  8  9 10 |
---------------+-------------------------------+-----
Ranged Weapons | 4 5 6 7 10 11 12 | 12.2
Fighting       | 4 6 8 |  8.2
Invocations    | 2 6 7 |  7.0
Dodging        | |  1.7
Stealth        | |  0.8

Action                     |  1- 3 |  4- 6 |  7- 9 | 10-12 || total
---------------------------+-------+-------+-------+-------++-------
   Fire: Shortbow          |    82 |   326 |   557 |   223 ||  1188
    Use: Scroll            |       |       |    16 |       ||    16
         Potion            |       |       |     1 |       ||     1
 Armour: Leather armour    |    16 |    84 |   141 |    42 ||   283
         Skin              |       |       |   132 |       ||   132
  Dodge: Dodged            |    31 |    93 |   207 |    63 ||   394
  Block: Other             |     5 |    30 |    75 |    25 ||   135

Levels and vault maps discovered:
D:1:      psy_arrival_fountain, layout_rooms, serial_shops, nicolae_shop_stone
D:2:      layout_rooms, ebering_ecumenical_altar_hall,
          dreamdust_princess_corridor, uniq_jessica
D:3:      layout_basic, grunt_temple_overflow_lords_of_destruction,
          nemelex_diamond_rough_becter, uniq_terence
D:4:      minmay_goblin_kobold_castle, layout_basic, nicolae_ru_awakened_eye
D:5:      layout_loops_ring, fedhas_altar_1, minmay_temple_entry_wispy,
          serial_shops, nicolae_stop_n_shop_1, grunt_ministairs_5,
          roderic_batcave, uniq_pikel
D:6:      layout_basic, gup_sewer_entry_bubbles, minmay_manual_monolith
D:7:      layout_basic, serial_shops, shop, uniq_crazy_yiuf_cottage
D:8:      layout_basic, lemuel_tele_altar, mainiacjoe_overflow_brackets
D:9:      layout_loops_cross, minitemple, serial_shops, nicolae_diamond_shop,
          uniq_grum
Temple:   grunt_temple_mini_profane

Notes
Turn   | Place    | Note
-------+----------+-------------------------------------------
     0 | D:1      | Sobieck the Demonspawn Hunter began the quest for the Orb.
     0 | D:1      | Reached XP level 1. HP: 16/16 MP: 1/1
    87 | D:1      | Reached skill level 4 in Ranged Weapons
   108 | D:1      | Gained mutation: A meltable shield of frost defends you.
                  | (SH +4) [demonic ancestry]
   108 | D:1      | Reached XP level 2. HP: 22/22 MP: 2/2
   158 | D:1      | Found Tesauryu's Distillery.
   562 | D:1      | Bought a potion of curing for 42 gold pieces
   726 | D:2      | Noticed Jessica
   729 | D:2      | Killed Jessica
   730 | D:2      | Gained mutation: You have a pair of small antennae on your
                  | head. [demonic ancestry]
   730 | D:2      | Reached XP level 3. HP: 27/27 MP: 3/3
   749 | D:2      | Reached skill level 5 in Ranged Weapons
   762 | D:2      | Gained mutation: You are partially covered in molten
                  | scales. (AC +2) [demonic ancestry]
   762 | D:2      | Reached XP level 4. HP: 15/33 MP: 4/4
  1156 | D:1      | Bought a potion of lignification for 42 gold pieces
  1257 | D:2      | Found a faded altar of an unknown god.
  1422 | D:3      | Reached XP level 5. HP: 38/38 MP: 5/5
  1438 | D:3      | Reached skill level 6 in Ranged Weapons
  1481 | D:3      | Found a sparkling altar of Nemelex Xobeh.
  1538 | D:3      | Found a burning altar of Makhleb.
  1557 | D:3      | Found a radiant altar of Vehumet.
  1589 | D:3      | Noticed Terence
  1594 | D:3      | Killed Terence
  1661 | D:1      | Bought a potion of attraction for 42 gold pieces
  1829 | D:3      | Gained mutation: You have a pair of antennae on your head.
                  | [demonic ancestry]
  1829 | D:3      | Reached XP level 6. HP: 44/44 MP: 6/6
  2264 | D:4      | You pick up a book of Air and begin reading...
  2264 | D:4      | You add the spells Shock, Swiftness and Airstrike to your
                  | library.
  2383 | D:4      | Found a sacrificial altar of Ru.
  2422 | D:4      | Reached skill level 7 in Ranged Weapons
  2987 | D:4      | Reached XP level 7. HP: 49/50 MP: 7/7
  3096 | D:4      | Reached skill level 8 in Ranged Weapons
  3461 | D:5      | Entered Level 5 of the Dungeon
  3461 | D:5      | Found Niejez's Armour Boutique.
  3464 | D:5      | Bought a +0 pair of gloves for 54 gold pieces
  3481 | D:5      | You pick up a book of Winter and begin reading...
  3481 | D:5      | You add the spells Ozocubu's Armour, Metabolic Englaciation
                  | and Simulacrum to your library.
  3578 | D:5      | You pick up a book of Air and begin reading...
  3585 | D:5      | You add the spells Summon Forest, Eringya's Noxious Bog and
                  | Summon Hydra to your library.
  3653 | D:5      | Noticed Pikel
  3682 | D:5      | Killed Pikel
  3683 | D:5      | Reached skill level 10 in Ranged Weapons
  3683 | D:5      | Gained mutation: You regenerate a little health from kills.
                  | [demonic ancestry]
  3683 | D:5      | Reached XP level 8. HP: 33/56 MP: 8/8
  4069 | D:5      | Reached skill level 3 in Fighting
  4200 | D:5      | Found a staircase to the Ecumenical Temple.
  4267 | Temple   | Entered the Ecumenical Temple
  4367 | Temple   | Became a worshipper of Warmaster Okawaru
  4498 | D:5      | Found a blossoming altar of Fedhas.
  4639 | D:6      | Reached skill level 1 in Invocations
  4689 | D:6      | Reached skill level 4 in Fighting
  4689 | D:6      | Reached skill level 2 in Invocations
  4820 | D:6      | Found a glowing drain.
  4830 | Sewer    | Entered a sewer
  4954 | Sewer    | Gained mutation: You are mostly covered in molten scales.
                  | (AC +3) [demonic ancestry]
  4954 | Sewer    | Reached XP level 9. HP: 65/65 MP: 11/11
  5071 | Sewer    | Reached skill level 3 in Invocations
  5405 | D:5      | Reached * piety under Okawaru
  5534 | D:6      | Reached skill level 4 in Invocations
  5730 | D:6      | Reached skill level 5 in Fighting
  5743 | D:6      | Reached skill level 11 in Ranged Weapons
  5743 | D:6      | Reached skill level 5 in Invocations
  5762 | D:6      | Reached ** piety under Okawaru
  5763 | D:6      | HP: 13/69 [yak (6)]
  5769 | D:6      | Reached skill level 6 in Fighting
  5769 | D:6      | Reached skill level 6 in Invocations
  6600 | D:7      | Found Ogaavipt's Book Boutique.
  6765 | D:7      | Reached XP level 10. HP: 76/77 MP: 15/15
  6774 | D:7      | Reached skill level 7 in Invocations
  6962 | D:7      | Found a runed translucent door.
  6963 | D:7      | Noticed Crazy Yiuf
  7205 | D:8      | Reached skill level 7 in Fighting
  7213 | D:8      | Found an ornate altar of the Wu Jian Council.
  7499 | D:8      | Found a snail-covered altar of Cheibriados.
  7517 | D:8      | Reached *** piety under Okawaru
  8361 | D:9      | Reached skill level 12 in Ranged Weapons
  8564 | D:9      | Reached skill level 8 in Fighting
  8577 | D:9      | Received a gift from Okawaru
  8719 | D:9      | Noticed Grum
  8730 | D:9      | HP: 6/80 [Grum/-2 halberd of venom (29)]
  8731 | D:9      | HP: 2/80 [poisoned by Grum]
  8732 | D:9      | Succumbed to Grum's poison

Vanquished Creatures
  Pikel (D:5)
  A hornet (D:7)
  10 yaks
  An acid dragon (D:8)
  A black bear (D:7)
  2 ice beasts
  A sky beast (D:8)
  4 orc warriors
  4 ogres
  A centaur (D:5)
  A phantom (D:6)
  2 kobold brigands
  2 gnoll sergeants
  6 bullfrogs
  4 scorpions
  5 wights (D:8)
  2 howler monkeys (D:7)
  A crimson imp (D:3)
  A jelly (D:6)
  3 orc priests
  3 hounds
  Jessica (D:2)
  4 iguanas
  2 sleepcaps
  11 orc wizards
  Terence (D:3)
  18 adders
  15 gnolls
  6 river rats (Sewer)
  A shadow imp (D:8)
  2 white imps
  An ufetubus (D:4)
  4 dart slugs
  4 worms
  23 orcs
  18 ball pythons
  11 bats
  11 endoplasms
  5 giant cockroaches
  22 hobgoblins
  12 jackals
  7 quokkas
  10 frilled lizards
  41 goblins
  23 kobolds
  29 rats
338 creatures vanquished.

Vanquished Creatures (others)
  A goblin (D:4)
  4 plants (D:5)
5 creatures vanquished.

Grand Total: 343 creatures vanquished

Table legend:
 A = Non-vault XP
 B = Vault XP
 C = Vault XP percentage of total XP
 D = Non-vault monster count
 E = Vault monster count
 F = Vault count percentage of total count
                 A         B        C        D         E       F
            +---------+---------+-------+---------+---------+-------
      Total |    6910 |    1662 |  19.4 |     206 |     132 |  39.1
            +---------+---------+-------+---------+---------+-------
        D:1 |      40 |       0 |   0.0 |      27 |       0 |   0.0
        D:2 |     105 |      37 |  26.1 |      25 |       1 |   3.8
        D:3 |     152 |      82 |  35.0 |      31 |       2 |   6.1
        D:4 |     329 |     200 |  37.8 |      16 |      61 |  79.2
        D:5 |     644 |     754 |  53.9 |      16 |      11 |  40.7
        D:6 |    1871 |     206 |   9.9 |      24 |      10 |  29.4
        D:7 |     991 |       0 |   0.0 |      17 |       0 |   0.0
        D:8 |    1232 |       0 |   0.0 |      31 |       0 |   0.0
        D:9 |    1546 |       0 |   0.0 |      19 |       0 |   0.0
      Sewer |       0 |     383 | 100.0 |       0 |      47 | 100.0
            +---------+---------+-------+---------+---------+-------

Skill      XL: |  1  2  3  4  5  6  7  8  9 10 |
---------------+-------------------------------+-----
Ranged Weapons | 4 5 6 7 10 11 12 | 12.2
Fighting       | 4 6 8 |  8.2
Invocations    | 2 6 7 |  7.0
Dodging        | |  1.7
Stealth        | |  0.8

Action                     |  1- 3 |  4- 6 |  7- 9 | 10-12 || total
---------------------------+-------+-------+-------+-------++-------
   Fire: Shortbow          |    82 |   326 |   557 |   223 ||  1188
    Use: Scroll            |       |       |    16 |       ||    16
         Potion            |       |       |     1 |       ||     1
 Armour: Leather armour    |    16 |    84 |   141 |    42 ||   283
         Skin              |       |       |   132 |       ||   132
  Dodge: Dodged            |    31 |    93 |   207 |    63 ||   394
  Block: Other             |     5 |    30 |    75 |    25 ||   135

Illustrated notes

Table legend:
 A = Kills in this place as a percentage of kills in the entire game.
 B = Kills by you in this place as a percentage of kills by you in the entire game.
 C = Kills by friends in this place as a percentage of kills by friends in the entire game.
 D = Other kills in this place as a percentage of other kills in the entire game.
 E = Experience gained in this place as a percentage of experience gained in the entire game.
 F = Experience gained in this place divided by the number of levels of this place that you have seen.
                   A       B       C       D       E      F
               +-------+-------+-------+-------+-------+----------------------
         Total | 100.0 | 100.0 |   N/A | 100.0 | 100.0 | 779.3
       Dungeon |  86.1 |  86.0 |   N/A | 100.0 |  95.5 | 909.9
         Sewer |  13.9 |  14.0 |   N/A |   0.0 |   4.5 | 383.0
               +-------+-------+-------+-------+-------+----------------------

Table legend: (Time is in decaauts)
 A = Elapsed time spent in this place.
 B = Non-inter-level travel time spent in this place.
 C = Inter-level travel time spent in this place.
 D = Time resting spent in this place.
 E = Time spent auto-exploring this place.
 F = Levels seen in this place.
 G = Mean time per level.
                   A        B        C        D        E       F      G
               +--------+--------+--------+--------+--------+-----+--------+
         Total |   8905 |   8317 |    588 |    858 |   5506 |  11 |  809.5 |
       Dungeon |   8395 |   7842 |    553 |    853 |   5219 |   9 |  932.8 |
        Temple |    170 |    135 |     35 |      0 |    129 |   1 |  170.0 |
         Sewer |    339 |    339 |      0 |      5 |    158 |   1 |  339.0 |
               +--------+--------+--------+--------+--------+-----+--------+

Top non-repeatable levels by time:
     D:4: 1266 daAuts
     D:5: 1256 daAuts
     D:6: 1210 daAuts
     D:8: 1178 daAuts
     D:3: 839 daAuts
     D:1: 799 daAuts
     D:7: 669 daAuts
     D:2: 666 daAuts
     D:9: 509 daAuts
   Sewer: 339 daAuts
  Temple: 170 daAuts
